 Dungeon Crawl Stone Soup version 0.28.0-45-g0d030f2227 (webtiles) character file.

Game seed: 8592673640967624599

131 NinjaNoafa the Skirmisher (level 4, -2/60 HPs)
             Began as a Draconian Berserker on Apr 13, 2022.
             Was a Believer of Trog.
             Killed from afar by Ijyb (28 damage)
             ... with a bolt of acid
             ... on level 3 of the Dungeon.
             The game lasted 00:04:04 (2223 turns).

NinjaNoafa the Skirmisher (Draconian Berserker)     Turns: 2223, Time: 00:04:05

Health: -2/60      AC: 22    Str: 21    XL:     4   Next: 91%
Magic:  4/4        EV:  2    Int:  7    God:    Trog [**....]
Gold:   106        SH:  3    Dex: 11    Spells: 3/3 levels left

rFire   . . .      SeeInvis .   a - +0 falchion
rCold   . . .      Faith    +   c - +0 buckler
rNeg    . . .      Spirit   .   (armour unavailable)
rPois   +          Reflect  .   (helmet currently unavailable)
rElec   .          Harm     .   (cloak currently unavailable)
rCorr   .          Rampage  .   (gloves currently unavailable)
Will    .....      NoTele   +   (boots currently unavailable)
Stlth   ++........              j - amulet of faith
HPRegen 0.20/turn               (no ring)
MPRegen 0.09/turn               (no ring)

@: tree-form
A: stationary, stasis, torment immunity, boosted hp, AC +5, unfitting armour,
(cold-blooded)
a: Renounce Religion, Berserk, Trog's Hand


You were on level 3 of the Dungeon.
You worshipped Trog.
Trog was pleased with you.
You were a tree.
You visited 1 branch of the dungeon, and saw 3 of its levels.

You collected 106 gold pieces.

Inventory:

Hand Weapons
 a - a +0 falchion (weapon)
 m - a +0 shortbow
Missiles
 b - 100 stones (quivered)
Armour
 c - a +0 buckler (worn)
 l - a +1 cloak (melded)
Jewellery
 j - an amulet of faith (around neck)
Scrolls
 d - 3 scrolls of teleportation {unknown}
 f - 2 scrolls of identify {unknown}
 n - a scroll of enchant weapon {unknown}
Potions
 g - a potion of ambrosia {unknown}
 h - a potion of haste {unknown}
 i - a potion of brilliance {unknown}
 k - a potion of curing {unknown}


   Skills:
 + Level 4.3 Fighting
 - Level 3.0 Long Blades
 + Level 3.5 Dodging
 * Level 2.9 Stealth


You had 3 spell levels left.
You didn't know any spells.
Your spell library was empty.

Dungeon Overview and Level Annotations

Branches:
Dungeon (3/15)

Altars:

Shops:
D:1 (

Annotations:
D:3 Ijyb


Innate Abilities, Weirdness & Mutations

You are a tree.
Your roots penetrate the ground, keeping you stationary.
You cannot be teleported.
You are immune to unholy pain and torment.
Your maximum health is greatly increased.
Your equipment is partially melded.
((Your plain brown scales are hard. (AC +5)))
You cannot fit into any form of body armour.
((You are cold-blooded and may be slowed by cold attacks.))


Message History

Trog accepts your kill. The kobold misses you. The goblin closely misses you.
The goblin hits you but does no damage.
You closely miss the goblin. You tail-slap the goblin.
You kill the goblin!
Trog accepts your kill. The kobold closely misses you.
The goblin hits you but does no damage. The kobold barely misses you.
You completely miss the kobold. You tail-slap the kobold.
The kobold is severely wounded.
The goblin completely misses you. The kobold hits you but does no damage.
You barely miss Ijyb. You block the goblin's attack.
The kobold barely misses you. Ijyb hits you but does no damage.
The goblin hits you with a +0 club. The goblin closely misses you.
You hit Ijyb.
Ijyb is lightly wounded.
The goblin closely misses you. The kobold hits you but does no damage.
Ijyb hits you but does no damage. The goblin hits you with a +0 club. x2
You slash Ijyb!
Ijyb is moderately wounded.
The goblin hits you but does no damage. The kobold barely misses you.
Ijyb zaps a wand.
The bolt of acid hits you!
The bolt of acid hits the kobold!!!
The kobold dies!
The goblin hits you but does no damage.
It was a potion of lignification.
You turn into a tree.
Your +1 cloak melds into your body.
Your roots penetrate the ground.
The goblin hits you but does no damage. Ijyb hits you with a +2 club.
The goblin hits you but does no damage. x2; The goblin barely misses you.
You barely miss Ijyb.
Ijyb is moderately wounded.
You block the goblin's attack. Ijyb barely misses you.
The goblin hits you but does no damage. x2; The goblin hits you with a +0 club.
The goblin hits you but does no damage.
You slash Ijyb!
Ijyb is severely wounded.
Ijyb hits you with a +2 club. You block the goblin's attack.
The goblin barely misses you.
The goblin hits you but does no damage. x3
Ijyb zaps a wand.
The bolt of acid hits you!!
You die...

#.. #8.....8#
######..
...#.......#
#<......
..#8.....8#
#.#.....
..#.......#
#.#.##..
#.#8.....8#
#.#.....
#.#.......#
#.#..##.
#.#8gg...8#.
#.......
#..g♣g......
#.....<.
#....g......
#.##.##.
#.######....
#.##.... #.#
### #.#####.
####.####
#.#####.
#.......#
#...<...
#.##.##.#
#######. #
#.##.#########
#.
#............#
#.


You could see Ijyb and 4 goblins.

Vanquished Creatures
  A gnoll (D:1)
  4 adders
  A shadow imp (D:3)
  A worm (D:2)
  3 dart slugs
  4 orcs (D:3)
  5 ball pythons
  4 endoplasms
  5 giant cockroaches
  5 goblins
  5 hobgoblins
  4 kobolds
  3 quokkas (D:1)
  7 bats
  4 frilled lizards
  5 rats
61 creatures vanquished.

Vanquished Creatures (others)
  A kobold (D:3)
1 creature vanquished.

Grand Total: 62 creatures vanquished

Notes
Turn   | Place    | Note
-------+----------+-------------------------------------------
     0 | D:1      | NinjaNoafa the Draconian Berserker began the quest for the
                  | Orb.
     0 | D:1      | Reached XP level 1. HP: 19/19 MP: 1/1
   282 | D:1      | Reached XP level 2. HP: 12/26 MP: 2/2
   473 | D:1      | Found Buihapn's Weapon Shoppe.
   483 | D:1      | Reached skill level 1 in Stealth
   648 | D:1      | Found a faded altar of an unknown god.
   871 | D:1      | Reached XP level 3. HP: 31/33 MP: 3/3
   921 | D:1      | Reached ** piety under Trog
  1233 | D:2      | Reached skill level 4 in Fighting
  1443 | D:2      | Reached XP level 4. HP: 40/40 MP: 4/4
  2209 | D:3      | Noticed Ijyb
  2223 | D:3      | Killed from afar by Ijyb

Illustrated notes

Levels and vault maps discovered:
D:1:      amcnicky_arrival_flooded_fountain, layout_basic,
          basic_ecumenical_altar, serial_shops, shop_statue,
          corexii_item_surrounded_by_moat
D:2:      layout_basic, kennysheep_boxes
D:3:      kennysheep_the_goblin_king, layout_loops_cross, uniq_jessica

Skill      XL: |  1  2  3 |
---------------+----------+-----
Dodging        | 3 |  3.5
Stealth        | 1 2 |  2.9
Fighting       | 4 |  4.3
Long Blades    | |  3.0

Action                   |  1- 3 |  4- 6 || total
-------------------------+-------+-------++-------
Melee: Falchion          |   120 |    87 ||   207
       Tailslap          |     8 |     7 ||    15
Invok: Berserk           |       |     1 ||     1
  Use: Potion            |       |     1 ||     1
 Stab: Sleeping          |     2 |     1 ||     3
Armor: Skin              |    49 |    53 ||   102
Dodge: Dodged            |    94 |    73 ||   167
Block: Buckler           |    20 |    16 ||    36
